 Dungeon Crawl Stone Soup version 0.26-a0-682-g294304f6e8 (webtiles) character file.

Game seed: 13436327860182197363

114 Kinoniko the Skirmisher (level 4, -1/48 HPs)
             Began as an Ogre Fighter on Oct 20, 2020.
             Killed from afar by an orc wizard (4 damage)
             ... with a magic dart
             ... on level 3 of the Dungeon.
             The game lasted 00:02:40 (2955 turns).

Kinoniko the Skirmisher (Ogre Fighter)              Turns: 2955, Time: 00:02:40

Health: -1/48      AC:  3    Str: 20    XL:     4   Next: 98%
Magic:  4/4        EV:  8    Int:  9    God:
Gold:   127        SH:  8    Dex:  9    Spells: 3/3 levels left

rFire    . . .     SeeInvis .   a - +1 trident
rCold    . . .     Faith    .   c - +0 kite shield
rNeg     . . .     Spirit   .   b - +0 robe
rPois    .         Reflect  .   (helmet restricted)
rElec    .         Harm     .   (no cloak)
rCorr    +         Rampage  .   (gloves unavailable)
MR       .....                  (boots unavailable)
Stlth    +.........             (no amulet)
HPRegen  0.16/turn              e - ring of resist corrosion
MPRegen  0.09/turn              (no ring)

@: no status effects
A: large, unfitting armour, tough skin 1
a: no special abilities


You were on level 3 of the Dungeon.
You visited 1 branch of the dungeon, and saw 3 of its levels.

You collected 127 gold pieces.

Inventory:

Hand Weapons
 a - a +1 trident (weapon)
Armour
 b - a +0 robe (worn)
 c - a +0 kite shield (worn)
Jewellery
 e - a ring of resist corrosion (left hand)
Scrolls
 f - a scroll of amnesia
 h - 3 scrolls of identify
 i - a scroll of magic mapping


   Skills:
 - Level 4.1 Fighting
 * Level 4.0 Polearms
 - Level 2.8 Dodging
 + Level 3.5 Shields


You had 3 spell levels left.
You didn't know any spells.
Your spell library was empty.

Dungeon Overview and Level Annotations

Branches:
Dungeon (3/15)

Altars:
Fedhas
Sif Muna


Innate Abilities, Weirdness & Mutations

You are too large for most types of armour.
You have tough skin. (AC +1)


Message History

You puncture something! Something hits you but does no damage.
You closely miss something.
You hear some strange, mumbled words.
A puff of flame appears from out of thin air!
The puff of flame hits you!
* * * LOW HITPOINT WARNING * * *
The orc priest looks satisfied for a moment.
You closely miss something. You block something's attack.
You hear some strange, mumbled words.
A magic dart appears from out of thin air!
The magic dart hits you!
* * * LOW HITPOINT WARNING * * *
You miss something.
You hear some strange, mumbled words.
Something tries to affect you, but you resist.
You miss something.
You hear some strange, mumbled words.
A magic dart appears from out of thin air!
The magic dart hits you.
You die...

#......≈≈≈≈≈
#.####..≈≈≈≈ #
#.# #...≈≈ #.
##.## ##...
#.####...#####
###
#..o.).o.o...#
#.#o#######..#
# #{# .....
#@# ..##[#
#...# .!# #
#.#.# ...
#.#.# oo## #
#.# .o# #..
##. .


You could see 2 orc priests.

Vanquished Creatures
  Terence (D:2)
  Natasha (D:3)
  2 adders (D:2)
  A dart slug (D:2)
  An orc (D:3)
  A ball python (D:2)
  7 bats
  4 giant cockroaches
  5 hobgoblins
  4 jackals (D:1)
  3 kobolds
  3 quokkas
  4 frilled lizards
  4 goblins
  5 rats
46 creatures vanquished.

Notes
Turn   | Place    | Note
-------+----------+-------------------------------------------
     0 | D:1      | Kinoniko the Ogre Fighter began the quest for the Orb.
     0 | D:1      | Reached XP level 1. HP: 24/24 MP: 1/1
   161 | D:1      | Reached XP level 2. HP: 26/32 MP: 2/2
  1092 | D:2      | Reached XP level 3. HP: 25/39 MP: 3/3
  1403 | D:2      | Noticed Terence
  1409 | D:2      | Killed Terence
  1409 | D:2      | Reached XP level 4. HP: 36/48 MP: 4/4
  2350 | D:2      | Found a shimmering blue altar of Sif Muna.
  2502 | D:3      | Noticed Natasha
  2516 | D:3      | Killed Natasha
  2918 | D:3      | Found a blossoming altar of Fedhas.
  2953 | D:3      | HP: 2/48 [something/magic dart (7)]
  2955 | D:3      | Killed from afar by an orc wizard

Illustrated notes

Levels and vault maps discovered:
D:1:      heliophobic_arrival_enchanted_forest, layout_basic,
          minmay_misc_feat_encased
D:2:      layout_basic, lemuel_blue_sif_altar, minmay_cut_off, uniq_terence
D:3:      layout_loops_ring, nemelex_xobeh_ov_fountains_minmay,
          fedhas_ov_isle_minmay, uniq_natasha

Skill      XL: |  1  2  3  4 |
---------------+-------------+-----
Shields        | 3 |  3.5
Polearms       | 3 4 |  4.0
Fighting       | |  4.1
Dodging        | |  2.8

Action                   |  1- 3 |  4- 6 || total
-------------------------+-------+-------++-------
Melee: Trident           |   102 |   110 ||   212
  Use: Potion            |     1 |     1 ||     2
       Scroll            |       |     6 ||     6
 Stab: Sleeping          |     1 |       ||     1
Armor: Robe              |    28 |    21 ||    49
Dodge: Dodged            |    37 |    26 ||    63
Block: Kite shield       |    30 |    51 ||    81

Table legend: (Time is in decaauts)
 A = Elapsed time spent in this place.
 B = Non-inter-level travel time spent in this place.
 C = Inter-level travel time spent in this place.
 D = Time resting spent in this place.
 E = Time spent auto-exploring this place.
 F = Levels seen in this place.
 G = Mean time per level.
                   A        B        C        D        E       F      G
               +--------+--------+--------+--------+--------+-----+--------+
         Total |   3010 |   2980 |     30 |   1085 |   1483 |   3 | 1003.3 |
       Dungeon |   3010 |   2980 |     30 |   1085 |   1483 |   3 | 1003.3 |
               +--------+--------+--------+--------+--------+-----+--------+

Top non-repeatable levels by time:
     D:2: 1227 daAuts
     D:1: 1219 daAuts
     D:3: 563 daAuts
